 Dungeon Crawl Stone Soup version 0.31-a0-232-gb1c03b2570 (webtiles) character file.

Game seed: 11374324474224687343

21 qw the Shooter (level 2, -1/17 HPs)
             Began as a Gargoyle Hexslinger on July 6, 2023.
             Slain by a gnoll
             ... wielding a +0 whip
              (3 damage)
             ... on level 2 of the Dungeon.
             The game lasted 00:00:16 (715 turns).

qw the Shooter (Gargoyle Hexslinger)                 Turns: 715, Time: 00:00:17

Health: -1/17      AC:  8    Str: 11    XL:     2   Next: 83%
Magic:  3/3        EV: 10    Int: 13    God:
Gold:   134        SH:  0    Dex: 12    Spells: 2/3 levels left

rFire   . . .        Y - +2 sling (freeze)
rCold   . . .        (no shield)
rNeg    + . .        j - +0 ring mail
rPois   inf          (no helmet)
rElec   +            d - +0 cloak
rCorr   .            (no gloves)
SInv    .            (no boots)
Will    .....        (no amulet)
Stlth   +            (no ring)
HPRegen 0.22/turn    (no ring)
MPRegen 0.08/turn

%: no passive effects
@: no status effects
A: sickness immunity, AC +2, negative energy resistance 1, electricity
resistance, torment resistance 1, petrification resistance
a: no special abilities


You were on level 2 of the Dungeon.
You visited 1 branch of the dungeon, and saw 2 of its levels.

You collected 134 gold pieces.


Innate Abilities, Weirdness & Mutations

You are immune to sickness and miasma.
Your stone body is resilient. (AC +2)
You are immune to poison.
You resist negative energy. (rN+)
You are resistant to electric shocks. (rElec)
You are resistant to unholy torment.
You are immune to petrification.


   Skills:
 + Level 1.7 Fighting
 - Level 3.0 Ranged Weapons
 - Level 1.5 Dodging
 - Level 1.0 Spellcasting
 - Level 2.6 Hexes


You had 2 spell levels left.
You knew the following spells:

 Your Spells              Type           Power      Damage    Failure   Level
a - Slow                  Hex            28%        N/A       22%         1

Your spell library contained the following spells:

 Spells                   Type           Power      Damage    Failure   Level
 Inner Flame              Hex/Fire       4%         N/A       75%         3
 Portal Projectile        Hex/Tloc       8%         N/A       75%         3
 Cause Fear               Hex            3%         N/A       92%         4

Inventory:

Hand Weapons
 Y - a +2 sling of freezing (weapon)
Armour
 d - a +0 cloak (worn)
 j - a +0 ring mail (worn)
Scrolls
 f - a scroll of teleportation

Dungeon Overview and Level Annotations

Branches:
Dungeon (2/15)

Altars:


Message History

Found a stone staircase leading up.
There is a stone staircase leading up here.
There is a stone staircase leading up here.
A bat comes into view.
You shoot a sling bullet. The sling bullet hits the bat.
The sling bullet freezes the bat.
The bat is severely wounded.
The bat barely misses you. The bat hits you.
You shoot a sling bullet. The sling bullet misses the bat.
The bat hits you but does no damage. x2
You shoot a sling bullet. The sling bullet misses the bat.
The bat barely misses you. x2
You shoot a sling bullet. The sling bullet hits the bat!
The sling bullet freezes the bat.
You kill the bat!
A gnoll comes into view. It is wielding a +0 whip.
The gnoll shouts!
A gnoll comes into view. It is wielding a +0 halberd.
You shoot a sling bullet.
The sling bullet closely misses the gnoll.
The gnoll shouts!
A hobgoblin comes into view.
A gnoll comes into view. It is wielding a +0 spear.
711 ||| Stepping ~*~*~tactically~*~*~ (outnumbered). 2 gnolls come into view.
The gnoll shouts!
You shoot a sling bullet.
The sling bullet barely misses the gnoll.
The hobgoblin shouts!
You shoot a sling bullet. The sling bullet hits the gnoll.
The sling bullet freezes the gnoll.
The gnoll is severely wounded.
The gnoll hits you with a +0 whip.
The gnoll hits you from afar with a +0 halberd!
You shoot a sling bullet.
The sling bullet hits the gnoll but does no damage.
The gnoll is severely wounded.
The gnoll hits you with a +0 whip. The gnoll barely misses you.
The gnoll hits you with a +0 whip.
You die... ######### ........# #####.### #.......## #@###....####### ..ggggg.#

#..#.......#
#...#####
#....#####.# ##
#.########.#
#.# ##.##.#
..####.#<..###
...............
#######....####
##.....


You could see 4 gnolls and a hobgoblin.

Vanquished Creatures
  3 bats
  4 endoplasms (D:1)
  A hobgoblin (D:1)
  4 ball pythons (D:1)
  2 frilled lizards (D:1)
  2 goblins (D:1)
  3 kobolds (D:1)
  2 rats (D:1)
21 creatures vanquished.

Notes
Turn   | Place    | Note
-------+----------+-------------------------------------------
     0 | D:1      | qw the Gargoyle Hexslinger began the quest for the Orb.
     0 | D:1      | Reached XP level 1. HP: 12/12 MP: 2/2
     0 | D:1      | 0 ||| qw: Version: 0.3-a-46-gb1f654a
     0 | D:1      | 0 ||| qw: Game counter: 2082
     0 | D:1      | 0 ||| qw: Melee chars always use a shield: true
     0 | D:1      | 0 ||| qw: God list: Okawaru
     0 | D:1      | 0 ||| qw: Allow faded altars: false
     0 | D:1      | 0 ||| qw: Do Orc after clearing Dungeon:15 true
     0 | D:1      | 0 ||| qw: Do second Lair branch before Depths: true
     0 | D:1      | 0 ||| qw: Lair rune preference: random
     0 | D:1      | 0 ||| qw: Goals: Normal
     0 | D:1      | 0 ||| PLANNING D:1-11
   143 | D:1      | Reached XP level 2. HP: 16/16 MP: 3/3
   437 | D:1      | Reached skill level 3 in Ranged Weapons
   442 | D:1      | Found a faded altar of an unknown god.
   617 | D:1      | 617 ||| UPGRADING to +0 cloak.
   622 | D:1      | 622 ||| UPGRADING to +0 leather armour.
   632 | D:1      | 632 ||| DROPPING +0 robe.
   633 | D:1      | 633 ||| UPGRADING to +0 ring mail.
   643 | D:1      | 643 ||| DROPPING +0 leather armour.
   644 | D:1      | 644 ||| READING scroll labelled LETHEO COTIGEGG.
   645 | D:1      | 645 ||| READING 2 scrolls labelled FYCWAA PAJIMA.
   648 | D:1      | 648 ||| READING scroll labelled PIYWINE HIZE KOOS.
   649 | D:1      | 649 ||| READING scroll labelled FIELARRAAMEME.
   650 | D:1      | 650 ||| READING scroll labelled WILOHOANUDD.
   651 | D:1      | 651 ||| DROPPING scroll of poison.
   711 | D:2      | 711 ||| Stepping ~*~*~tactically~*~*~ (outnumbered).
   715 | D:2      | HP: 2/17 [gnoll/+0 whip (3)]
   715 | D:2      | Slain by a gnoll

Levels and vault maps discovered:
D:1:      roderic_crop_circles_arrival_small, layout_basic,
          hellmonk_ecumenical_altar_lost_god
D:2:      layout_loops_ring

Skill      XL: |  1  2 |
---------------+-------+-----
Ranged Weapons | 3 |  3.0
Fighting       | |  1.7
Dodging        | |  1.5
Spellcasting   | |  1.0
Hexes          | |  2.6

Action                     || total
---------------------------++-------
   Fire: Sling             ||    49
    Use: Scroll            ||     5
 Armour: Robe              ||     2
         Ring mail         ||     2
  Dodge: Dodged            ||    12

Table legend:
 A = Non-vault XP
 B = Vault XP
 C = Vault XP percentage of total XP
 D = Non-vault monster count
 E = Vault monster count
 F = Vault count percentage of total count
                 A         B        C        D         E       F
            +---------+---------+-------+---------+---------+-------
      Total |      30 |       0 |   0.0 |      21 |       0 |   0.0
            +---------+---------+-------+---------+---------+-------
        D:1 |      28 |       0 |   0.0 |      20 |       0 |   0.0
        D:2 |       2 |       0 |   0.0 |       1 |       0 |   0.0
            +---------+---------+-------+---------+---------+-------
